 Dungeon Crawl Stone Soup version 0.24.0-3-g28a8eb0610 (webtiles) character file.

Game seed: 507045627934749777, levelgen mode: deterministic

104391 Froggeryz the Executioner (level 15, -5/141 HPs)
             Began as a Minotaur Berserker on Oct 31, 2019.
             Was the Champion of Trog.
             Slain by a wolf spider (7 damage)
             ... on level 4 of the Spider Nest on Nov 1, 2019.
             The game lasted 00:53:30 (30956 turns).

Froggeryz the Executioner (Minotaur Berserker)     Turns: 30956, Time: 00:53:31

Health: -5/141     AC: 21    Str: 24    XL:     15   Next: 91%
Magic:  20/20      EV:  6    Int:  4    God:    Trog [******]
Gold:   2895       SH:  0    Dex: 22    Spells: 14/14 levels left

rFire    . . .     SeeInvis .   o - +3 battleaxe (freeze)
rCold    + . .     Gourm    .   (shield currently unavailable)
rNeg     + . .     Faith    .   H - +1 plate armour "Tusuzosm" {rC+ rN+ Stlth+}
rPois    .         Spirit   .   (helmet restricted)
rElec    .         Reflect  +   J - +0 cloak
rCorr    .         Harm     .   g - +0 pair of gloves
MR       ++...     Clarity  +   A - +0 pair of boots
Stlth    ..........             C - +2 amulet of reflection
HPRegen  0.33/turn              O - ring of protection from magic
MPRegen  0.17/turn              p - +6 ring of dexterity

@: held
A: retaliatory headbutt, horns 2, clarity, strong 1, MP-powered wands
a: Berserk, Trog's Hand, Brothers in Arms, Renounce Religion


You were on level 4 of the Spider Nest.
You worshipped Trog.
Trog was exalted by your worship.
You were hungry.

You visited 4 branches of the dungeon, and saw 24 of its levels.
You also visited: Bailey.

You collected 2895 gold pieces.

Inventory:

Hand Weapons
 a - a +0 scimitar of flaming
 k - a +1 antimagic battleaxe
 o - a +3 battleaxe of freezing (weapon)
 D - a +4 antimagic executioner's axe
Missiles
 M - 3 throwing nets
Armour
 g - a +0 pair of gloves (worn)
 A - a +0 pair of boots (worn)
 H - the +1 plate armour "Tusuzosm" (worn) {rC+ rN+ Stlth+}
   (You found it in a bailey)

   It protects you from cold.
   It protects you from negative energy.
   It makes you more stealthy.
 J - a +0 cloak (worn)
 V - a scarf of cloud immunity
Jewellery
 p - a +6 ring of dexterity (right hand)
 B - an uncursed ring of see invisible
 C - a +2 amulet of reflection (around neck)
 O - a ring of protection from magic (left hand)
 U - an uncursed ring of protection from fire
Wands
 b - a wand of iceblast (5)
 r - a wand of digging (11)
 t - a wand of scattershot (4)
 v - a wand of enslavement (2)
 F - a wand of flame (6)
 K - a wand of acid (9)
 L - a wand of paralysis (23)
Scrolls
 d - 4 scrolls of identify
 e - 7 scrolls of remove curse
 i - a scroll of blinking
 l - a scroll of silence
 m - 2 scrolls of fear
 n - 4 scrolls of teleportation
 q - 2 scrolls of magic mapping
 s - a scroll of fog
 u - 4 scrolls of enchant armour
 y - a scroll of brand weapon
 E - a scroll of acquirement
 I - 4 scrolls of enchant weapon
 Q - a scroll of summoning
Potions
 f - 8 potions of curing
 h - 2 potions of mutation
 j - 9 potions of heal wounds
 w - 3 potions of might
 x - 2 potions of agility
 z - 4 potions of flight
 G - a potion of resistance
 N - 4 potions of haste
Comestibles
 c - 33 rations


   Skills:
 - Level 15.3 Fighting
 + Level 22.9 Axes
 - Level 12.0 Armour
 - Level 7.0 Dodging
 + Level 8.5 Evocations


You had 14 spell levels left.
You didn't know any spells.
Your spell library was empty.

Dungeon Overview and Level Annotations

Branches:
Dungeon (12/15)            Temple (0/1) D:5            Lair (6/6) D:8
  Swamp (0/4) Lair:3       Spider (4/4) Lair:3        Slime (0/5) Lair:5
    Orc (2/2) D:11            Elf (0/3) Orc:2        Bailey (visited)

Altars:
Ashenzari
Cheibriados
Dithmenos
Gozag
Makhleb
Nemelex Xobeh
Sif Muna
Vehumet
Wu Jian
Xom
Yredelemnul
Zin
The Shining One
Beogh

Shops:
D:11 (   Orc:2 :%[%

Annotations:
Lair:3 3 runed translucent doors, Xiemaice's ghost, journeyman DrFE
Spider:4 Arachne


Innate Abilities, Weirdness & Mutations

You reflexively headbutt those who attack you in melee.
You have a pair of horns on your head.
You possess an exceptional clarity of mind.
Your muscles are strong. (Str +2)
You expend magic power (3 MP) to strengthen your wands.


Message History

Arachne's staff shoots out a stream of webbing.
The stream of webbing hits you but does no damage.
You are caught in a web!
The jumping spider leaps!
The jumping spider moves out of view.
There is a web here.
Unknown command.
Okay, then.
Okay, then.
Unknown command.
You feel better.
The wolf spider hisses angrily.
The redback bites you but does no damage.
The wolf spider hits you!
* * * LOW HITPOINT WARNING * * *
The wolf spider bites you but does no damage.
The tarantella barely misses you. You furiously retaliate!
You headbutt the tarantella!
Arachne casts a spell.
Arachne blinks!
The wolf spider hits you!
You die...

##.^.. ###..
### # ### .. ..
... ###^### .
....
..##.s.ss##s...
....
#s...s@...#
....
#.....s.s...#
..
..^......s.s^#
..ss..s.....^#
...s.....^s...#
.^..^.§ss....^#
^s..^....^.sss.
........^.....#


You could see 3 demonic crawlers, 6 wolf spiders, 3 jumping spiders, 4
tarantellas and 5 redbacks.

Vanquished Creatures
  Agnes (Spider:2)
  Kirke (Spider:1)
  2 emperor scorpions
  The ghost of Britaniac the Carver, a journeyman MiFi of Okawaru (Spider:1)
  A stone giant (Orc:2)
  2 fire dragons (Lair:6)
  Josephine (Lair:4)
  Harold (D:8)
  Fannar (D:11)
  8 hydras
  A death knight (D:11)
  Erica (D:8)
  4 orc high priests (Orc:2)
  A fire crab (Lair:6)
  A swamp dragon (Lair:6)
  The ghost of dragonscale333 the Destroyer, a novice OpCj of Kikubaaqudgha (D:8)
  17 wolf spiders
  2 lindwurms (Lair:6)
  Pikel (D:6)
  19 orb spiders
  3 orc knights
  3 orc sorcerers
  2 cyclopes
  2 ugly things
  2 moths of wrath
  9 torpor snails
  An elephant (Lair:6)
  2 manticores
  Joseph (D:7)
  2 black mambas (Lair:6)
  6 spiny frogs
  A centaur skeleton (D:12)
  A gargoyle (D:12)
  Psyche (D:8)
  14 demonic crawlers
  7 komodo dragons
  A rime drake (Lair:6)
  2 kobold demonologists
  26 jumping spiders
  3 trolls
  3 tyrant leeches (Lair:6)
  9 hornets
  2 bog bodies (Lair:3)
  5 blink frogs (Lair:6)
  17 hippogriffs
  Sigmund (D:6)
  61 redbacks
  3 wyverns
  27 tarantellas
  2 humans
  A fire bat (Bailey)
  2 water elementals
  3 wraiths (Lair:4)
  4 hogs
  41 yaks
  3 basilisks (Lair:6)
  2 steam dragons
  A hungry ghost (D:8)
  2 acid dragons
  7 water moccasins
  A warg (Orc:2)
  A soldier ant (D:11)
  3 swamp drakes (Lair:6)
  31 orc warriors
  10 porcupines
  An ice beast (D:6)
  2 sky beasts
  3 slaves (D:6)
  A necrophage (D:7)
  6 ogres
  4 phantoms
  8 wolves
  12 centaurs
  14 crocodiles
  16 bullfrogs
  A gnoll sergeant (D:5)
  A wyvern zombie (D:6)
  5 scorpions
  3 wights (D:7)
  12 killer bees
  9 howler monkeys
  5 electric eels
  4 crimson imps
  2 bullfrog zombies
  3 hounds
  2 jellies
  23 orc priests
  3 iguanas
  38 orc wizards
  11 worker ants
  A mummy (D:6)
  2 worker ant zombies (D:11)
  9 gnolls
  A river rat (Bailey)
  13 adders
  2 shadow imps (D:12)
  2 oozes
  3 adder skeletons
  5 worms
  2 dart slugs
  5 leopard geckos
  73 orcs
  12 bats
  5 giant cockroaches
  11 goblins
  11 hobgoblins
  4 jackals
  4 kobolds
  2 quokkas
  5 frilled lizards
  2 hobgoblin zombies (D:6)
  A kobold zombie (D:6)
  An orc zombie (D:6)
  2 quokka zombies
  6 rats
  2 fungi
  8 plants
781 creatures vanquished.

Vanquished Creatures (collateral kills)
  A hornet (Spider:4)
  A worker ant (D:11)
  An orc (D:11)
3 creatures vanquished.

Vanquished Creatures (others)
  2 redbacks
  A centaur (D:12)
  An orc wizard (Orc:1)
  4 plants (Lair:6)
8 creatures vanquished.

Grand Total: 792 creatures vanquished

Notes
Turn   | Place    | Note
-------+----------+-------------------------------------------
     0 | D:1      | Froggeryz the Minotaur Berserker began the quest for the
                  | Orb.
     0 | D:1      | Reached XP level 1. HP: 19/19 MP: 0/0
   203 | D:1      | Reached skill level 4 in Axes
   241 | D:1      | Reached XP level 2. HP: 24/26 MP: 1/1
   501 | D:1      | Reached ** piety under Trog
   536 | D:1      | Reached skill level 5 in Axes
   593 | D:1      | Reached XP level 3. HP: 31/31 MP: 2/2
   833 | D:2      | Found a faded altar of an unknown god.
  1114 | D:2      | Found an opulent altar of Gozag.
  1247 | D:2      | Found a basalt altar of Yredelemnul.
  1275 | D:2      | Found a glowing golden altar of the Shining One.
  1553 | D:2      | Found a glowing silver altar of Zin.
  1553 | D:2      | Noticed an angel
  1646 | D:2      | Noticed an angel
  1707 | D:3      | Reached skill level 6 in Axes
  1707 | D:3      | Reached XP level 4. HP: 34/39 MP: 3/3
  2048 | D:3      | Found an ornate altar of the Wu Jian Council.
  2276 | D:4      | Noticed an ogre
  2286 | D:4      | Killed an ogre
  2286 | D:4      | Reached skill level 7 in Axes
  2286 | D:4      | Reached XP level 5. HP: 45/45 MP: 4/4
  2304 | D:4      | Reached skill level 8 in Axes
  2470 | D:4      | Reached XP level 6. HP: 51/51 MP: 5/5
  2967 | D:5      | Entered Level 5 of the Dungeon
  2973 | D:5      | Reached *** piety under Trog
  2982 | D:5      | Reached skill level 9 in Axes
  3186 | D:5      | Found a radiant altar of Vehumet.
  3193 | D:5      | Noticed an orc warrior
  3204 | D:5      | Killed an orc warrior
  3204 | D:5      | Reached XP level 7. HP: 57/57 MP: 6/6
  3280 | D:5      | Reached skill level 10 in Axes
  3560 | D:5      | Found a staircase to the Ecumenical Temple.
  4213 | D:6      | Noticed Sigmund
  4219 | D:6      | Killed Sigmund
  4219 | D:6      | Reached skill level 11 in Axes
  4219 | D:6      | Reached XP level 8. HP: 64/64 MP: 7/7
  4280 | D:6      | Reached **** piety under Trog
  4325 | D:6      | Noticed Pikel
  4332 | D:6      | Killed Pikel
  4332 | D:6      | Reached skill level 5 in Dodging
  4338 | D:6      | Reached skill level 12 in Axes
  4837 | D:6      | Found a shattered altar of Ashenzari.
  4837 | D:6      | Found an opulent altar of Gozag.
  4839 | D:6      | Found a sparkling altar of Nemelex Xobeh.
  4840 | D:6      | Found a burning altar of Makhleb.
  5160 | D:7      | Noticed Joseph
  5175 | D:7      | Killed Joseph
  5175 | D:7      | Reached XP level 9. HP: 48/70 MP: 8/8
  5452 | D:7      | Received a gift from Trog
  5700 | D:7      | Reached skill level 13 in Axes
  5843 | D:8      | Noticed Psyche
  5848 | D:8      | Killed Psyche
  5848 | D:8      | Reached skill level 1 in Evocations
  5959 | D:8      | Found a flagged portal.
  5967 | Bailey   | Entered a bailey
  5981 | Bailey   | Noticed an orc knight
  5988 | Bailey   | Killed an orc knight
  5988 | Bailey   | Reached skill level 14 in Axes
  6038 | Bailey   | Found an iron altar of Okawaru.
  6038 | Bailey   | Noticed a kobold demonologist
  6038 | Bailey   | Noticed an orc sorcerer
  6045 | Bailey   | Killed an orc sorcerer
  6047 | Bailey   | Killed a kobold demonologist
  6047 | Bailey   | Reached XP level 10. HP: 77/77 MP: 11/11
  6547 | Bailey   | Noticed an orc knight
  6555 | Bailey   | Killed an orc knight
  6555 | Bailey   | Reached skill level 15 in Axes
  7222 | Bailey   | Got a smoking plate armour
  7348 | D:8      | Noticed Erica
  7360 | D:8      | Killed Erica
  7360 | D:8      | Reached ***** piety under Trog
  7360 | D:8      | Reached skill level 5 in Evocations
  7410 | D:8      | Noticed Harold
  7419 | D:8      | Killed Harold
  7419 | D:8      | Reached skill level 5 in Armour
  7480 | D:8      | Found a runed translucent door.
  7480 | D:8      | Noticed dragonscale333's ghost (novice OpCj)
  7605 | D:8      | Killed dragonscale333's ghost
  7605 | D:8      | Reached skill level 16 in Axes
  7605 | D:8      | Reached XP level 11. HP: 82/82 MP: 14/14
  8000 | D:8      | Found a staircase to the Lair.
  8016 | D:8      | Received a gift from Trog
  8050 | D:8      | Found a shimmering blue altar of Sif Muna.
  8106 | D:8      | Found a shimmering altar of Xom.
  8294 | D:9      | Found a shimmering altar of Xom.
  9016 | D:9      | Found a snail-covered altar of Cheibriados.
  9193 | D:9      | Found a shadowy altar of Dithmenos.
  9378 | D:10     | Entered Level 10 of the Dungeon
  9493 | D:10     | Identified the cursed +1 plate armour "Tusuzosm" {rC+ rN+
                  | Stlth+} (You found it in a bailey)
 10199 | Lair:1   | Entered Level 1 of the Lair of Beasts
 10552 | Lair:1   | Reached skill level 5 in Fighting
 10750 | Lair:1   | Reached skill level 17 in Axes
 11686 | Lair:2   | Reached XP level 12. HP: 88/94 MP: 15/15
 12645 | Lair:2   | Reached skill level 10 in Armour
 13255 | Lair:3   | Found a staircase to the Swamp.
 13416 | Lair:3   | Found a runed translucent gate.
 13416 | Lair:3   | Found a runed translucent gate.
 13416 | Lair:3   | Found a runed translucent gate.
 13417 | Lair:3   | Noticed a six-headed hydra
 13421 | Lair:3   | Noticed Xiemaice's ghost (journeyman DrFE)
 13558 | Lair:3   | Found a hole to the Spider Nest.
 13562 | Lair:3   | Received a gift from Trog
 14194 | Lair:4   | Noticed an eight-headed hydra
 14198 | Lair:4   | Killed a seven-headed hydra
 14198 | Lair:4   | Reached skill level 18 in Axes
 14789 | Lair:4   | Noticed a six-headed hydra
 14795 | Lair:4   | Killed a five-headed hydra
 14830 | Lair:4   | Noticed Josephine
 14842 | Lair:4   | Killed Josephine
 15695 | Lair:5   | Found a staircase to the Slime Pits.
 15841 | Lair:6   | Entered Level 6 of the Lair of Beasts
 15952 | Lair:6   | Reached XP level 13. HP: 107/107 MP: 16/16
 17014 | Lair:6   | Reached skill level 19 in Axes
 17271 | Lair:6   | Received a gift from Trog
 17394 | Lair:6   | Noticed a fire dragon
 17400 | Lair:6   | Killed a fire dragon
 17625 | Lair:6   | Gained mutation: You possess an exceptional clarity of
                  | mind. [potion of mutation]
 17625 | Lair:6   | Gained mutation: You expend magic power (3 MP) to
                  | strengthen your wands. [potion of mutation]
 17625 | Lair:6   | Gained mutation: Your muscles are strong. (Str +2) [potion
                  | of mutation]
 18053 | Lair:6   | Found a runed translucent door.
 18054 | Lair:6   | Noticed a fire dragon
 18057 | Lair:6   | Reached skill level 20 in Axes
 18202 | Lair:6   | Killed a fire dragon
 20165 | D:11     | Noticed Fannar
 20211 | D:11     | Killed Fannar
 20228 | D:11     | Reached XP level 14. HP: 33/119 MP: 3/17
 20245 | D:11     | Received a gift from Trog
 20577 | D:11     | Reached skill level 10 in Fighting
 20582 | D:11     | Found a staircase to the Orcish Mines.
 20702 | D:11     | Found Odaunn's Weapon Shop.
 20910 | D:11     | Found a shadowy altar of Dithmenos.
 21136 | D:12     | Reached skill level 21 in Axes
 22394 | Orc:1    | Entered Level 1 of the Orcish Mines
 22536 | Orc:2    | Entered Level 2 of the Orcish Mines
 22713 | Orc:2    | Received a gift from Trog
 23403 | Orc:2    | Found Xucwuyr's Food Boutique.
 23403 | Orc:2    | Found Taofou's Book Boutique.
 23507 | Orc:2    | Found Miwov Fytio's Food Shop.
 23513 | Orc:2    | Found Qad Cuoc's Armour Shop.
 23541 | Orc:2    | Noticed a stone giant
 23551 | Orc:2    | Killed a stone giant
 23551 | Orc:2    | Received a gift from Trog
 23960 | Orc:2    | Found a staircase to the Elven Halls.
 24106 | Orc:2    | Found a roughly hewn altar of Beogh.
 24735 | Spider:1 | Entered Level 1 of the Spider Nest
 25294 | Spider:1 | Noticed Kirke
 25317 | Spider:1 | Killed Kirke
 25863 | Spider:1 | Found a runed translucent gate.
 25863 | Spider:1 | Found a runed translucent gate.
 25864 | Spider:1 | Found a runed translucent gate.
 25866 | Spider:1 | Noticed Britaniac's ghost (journeyman MiFi)
 26226 | Spider:1 | Killed Britaniac's ghost
 26397 | Spider:2 | Reached XP level 15. HP: 134/138 MP: 6/18
 26490 | Spider:2 | Received a gift from Trog
 26508 | Spider:2 | Noticed Agnes
 26515 | Spider:2 | Killed Agnes
 26687 | Spider:2 | Reached skill level 22 in Axes
 27051 | Spider:2 | Reached skill level 15 in Fighting
 28913 | Spider:3 | Reached ****** piety under Trog
 28915 | Spider:3 | Received a gift from Trog
 29555 | Spider:4 | Entered Level 4 of the Spider Nest
 30573 | Spider:4 | Upgraded the game from 0.24.0-2-g5b39cebb1c to
                  | 0.24.0-3-g28a8eb0610
 30955 | Spider:4 | Noticed Arachne
 30955 | Spider:4 | HP: 3/141 [wolf spider (11)]
 30956 | Spider:4 | Slain by a wolf spider

Levels and vault maps discovered:
D:1:      mrwooster_arrival_statue, layout_loops_ring
D:2:      layout_loops_corners, grunt_temple_overflow_holy_war, zin_angel,
          chequers_ecumenical_altar_island, grunt_gozag_breadcrumbs
D:3:      layout_rooms, nicolae_overflow_hidden_temple
D:4:      layout_cave_pools, serial_bayou_pond_a,
          hangedman_abyss_or_decor_lesser_grid
D:5:      layout_loops_corners, kennysheep_mini_moat,
          minmay_temple_entry_enclosed_plants, first_ration, grunt_ministairs_4,
          kennysheep_generic_room_12
D:6:      layout_gridville, minitemple, minmay_mini_ossuary, uniq_pikel,
          uniq_sigmund
D:7:      layout_basic, uniq_joseph
D:8:      layout_loops_cross, tgw_sif, overflow_temple_1_default,
          david_lair_shrubbed, enter_bailey_2, gammafunk_ghost_grave,
          uniq_erica, uniq_psyche, uniq_harold
D:9:      layout_loops_cross, grunt_dithmenos_smoke_and_mirrors, slow_altar_2,
          basic_altar
D:10:     layout_long_grid
D:11:     layout_loops_cross, erik_orc_2, basic_altar, serial_shops,
          nicolae_shop_waterfront, uniq_fannar
D:12:     layout_basic, grunt_livestock, chequers_hall_statues_y
Lair:1:   layout_chaotic_city, st_stairs_3, grunt_megastairs_1
Lair:2:   layout_layer_cave, serial_bayou_shore_a
Lair:3:   layout_cave_shapes, skrybe_swamp_entry_bodies,
          nicolae_spider_entry_orb_guardian, gammafunk_ghost_split
Lair:4:   layout_cave_shapes, minivault_25, eino_small_chamber_without_monster,
          serial_bayou_lagoon_b, serial_bayou_shore_b, uniq_josephine
Lair:5:   layout_gridlike, dpeg_slime_entry_corner,
          nicolae_lair_grove_arrangements, lemuel_fruit_fields
Lair:6:   wormcave, layout_cave_pods, guppyfry_lair_end_dragon,
          minmay_shattered_shrine
Spider:1: layout_spider_delve, ebering_ghost_rock_garden, uniq_kirke
Spider:2: layout_chambers, hangedman_spider_tarantella_strand, uniq_agnes
Spider:3: layout_spider_delve
Spider:4: guppyfry_spider_rune, nicolae_arachne_temple
Orc:1:    layout_caves
Orc:2:    st_orc_mages, layout_caves, basic_altar, guppyfry_library_mini

Skill      XL: |  1  2  3  4  5  6  7  8  9 10 11 12 13 14 15 |
---------------+----------------------------------------------+-----
Axes           | 4 5 6 7 8 9 11 12 14 16 17 18 20 21 22 | 22.9
Dodging        | 3 4 6 7 |  7.0
Evocations     | 3 5 6 8 |  8.5
Armour         | 5 9 12 | 12.0
Fighting       | 5 8 9 14 15 | 15.3

Action                   |  1- 3 |  4- 6 |  7- 9 | 10-12 | 13-15 || total
-------------------------+-------+-------+-------+-------+-------++-------
Melee: Hand axe          |    84 |    81 |   163 |   654 |    91 ||  1073
       Headbutt          |    11 |    19 |    53 |   191 |   357 ||   631
       Scimitar          |       |       |       |     2 |    32 ||    34
       Battleaxe         |       |       |       |       |   993 ||   993
Throw: Dart              |       |       |       |    11 |     7 ||    18
       Throwing net      |       |       |       |       |     2 ||     2
Invok: Berserk           |       |     2 |     8 |     6 |    10 ||    26
       Trog's Hand       |       |       |       |     1 |     2 ||     3
Evoke: Wand              |       |       |     3 |    18 |    54 ||    75
  Use: Scroll            |       |       |       |       |    29 ||    29
       Potion            |       |       |       |       |    15 ||    15
 Stab: Sleeping          |     6 |     7 |    10 |       |       ||    23
       Distracted        |       |       |     1 |       |       ||     1
       Held in net/web   |       |       |       |       |     3 ||     3
       Betrayed ally     |       |       |       |       |     1 ||     1
  Eat: Chunk             |     2 |     6 |    23 |    37 |    49 ||   117
       Ration            |       |       |     1 |       |       ||     1
Armor: Animal skin       |    10 |     8 |     5 |       |       ||    23
       Robe              |       |       |     3 |     6 |       ||     9
       Plate armour      |       |       |       |   158 |   669 ||   827
Dodge: Dodged            |    56 |    39 |    81 |   264 |   576 ||  1016
Block: Other             |       |       |       |       |    20 ||    20
       Rpst.: Scimitar   |       |       |       |     1 |     6 ||     7
